 Dungeon Crawl Stone Soup version 0.18.1-8-gdd0e5ea (webtiles) character file.

86 Quirk the Ducker (level 4, -5/34 HPs)
             Began as a Demonspawn Gladiator on May 27, 2016.
             Slain by an iguana (12 damage)
             ... on level 4 of the Dungeon.
             The game lasted 00:05:05 (2837 turns).

Quirk the Ducker (Demonspawn Gladiator)             Turns: 2837, Time: 00:05:05

Health: -5/34      AC:  6    Str: 16    XL:     4   Next: 26%
Magic:  4/4        EV: 13    Int:  9    God:
Gold:   113        SH:  0    Dex: 14    Spells: 0 memorised, 3 levels left

rFire  . . .     SeeInvis .     a - +0 war axe
rCold  . . .     Gourm    .     b - +0 leather armour
rNeg   . . .     Faith    .     (no shield)
rPois  .         Spirit   .     c - +0 helmet
rElec  .         Dismiss  .     w - +0 cloak {+Inv}
rCorr  +         Reflect  .     v - +0 pair of gloves
SustAt .         Harm     .     (no boots)
MR     .....                    (no amulet)
Stlth  +.........               (no ring)
                                e - ring of resist corrosion

@: not resistant to hostile enchantments, very unstealthy
A: spiny 2
a: Evoke Invisibility


You were on level 4 of the Dungeon.
You were hungry.

You visited 1 branch of the dungeon, and saw 4 of its levels.

You collected 113 gold pieces.

Inventory:

Hand Weapons
 a - a +0 war axe (weapon)
 p - a +2 whip of electrocution
Missiles
 d - 4 throwing nets (quivered)
Armour
 b - a +0 leather armour (worn)
 c - a +0 helmet (worn)
 v - a +0 pair of gloves (worn)
 w - a +0 cloak of invisibility (worn)
Jewellery
 e - a ring of resist corrosion (left hand)
Scrolls
 k - 2 scrolls of identify
 n - a scroll of remove curse
 o - a scroll of magic mapping {unknown}
 t - a scroll of teleportation {unknown}
 u - a scroll of fog {unknown}
Potions
 h - a potion of degeneration {unknown}
 j - a potion of agility
 l - a potion of curing {unknown}
 q - a potion of resistance {unknown}
 r - a potion of might {unknown}
 s - a potion of ambrosia {unknown}
Comestibles
 f - 2 bread rations
 g - a royal jelly
 i - 2 meat rations


   Skills:
 + Level 2.7 Fighting
 + Level 3.2 Axes
 - Level 1.7 Throwing
 + Level 1.9 Armour
 + Level 3.2 Dodging


You had 3 spell levels left.
You didn't know any spells.

Dungeon Overview and Level Annotations

Branches:
Dungeon (4/15)
 Temple: D:4-7

Altars:
Elyvilon
Nemelex Xobeh
Xom

Annotations:
D:3 imphell's ghost, amateur NaFi
D:4 Menkaure


Innate Abilities, Weirdness & Mutations

You are mostly covered in sharp spines.


Message History

Menkaure, Prince of Dust comes into view.
Menkaure shouts!
You hear an angry hiss.
You see here 2 puce potions.
You hit Menkaure.
Menkaure is moderately damaged.
Menkaure is struck by your spines. Menkaure hits you!
An iguana comes into view.
You barely miss Menkaure.
Menkaure is heavily damaged.
Menkaure is struck by your spines. Menkaure closely misses you.
Menkaure hits you!
You barely miss Menkaure.
Menkaure is severely damaged.
Menkaure hits you!
* * * LOW HITPOINT WARNING * * *
You barely miss Menkaure.
Menkaure is severely damaged.
You closely miss the iguana. The iguana is struck by your spines.
The iguana bites you!
You die...

.# ###. ..#.
###.. ## ....
.# #..# #.##
#..# ...##..
#.<####M......
#.....@l.....#
#.......##....
#..####.# .
#..$.# ..<
......# #....
#..##### ...>.
..# ..... #.
.....


You could see Menkaure and an iguana.

Vanquished Creatures
  Crazy Yiuf (D:3)
  2 adders (D:2)
  2 giant geckos (D:1)
  6 bats
  A giant cockroach (D:2)
  3 goblins
  5 hobgoblins
  3 quokkas
  A ball python (D:3)
  2 giant newts
  4 kobolds
  6 rats
36 creatures vanquished.

Notes
Turn   | Place    | Note
--------------------------------------------------------------
     0 | D:1      | Quirk the Demonspawn Gladiator began the quest for the Orb.
     0 | D:1      | Reached XP level 1. HP: 16/16 MP: 1/1
   579 | D:1      | Reached skill level 1 in Armour
   579 | D:1      | Gained mutation: You are partially covered in sharp spines. [demonic ancestry]
   579 | D:1      | Reached XP level 2. HP: 22/22 MP: 2/2
   737 | D:2      | Found a shimmering altar of Xom.
   904 | D:2      | Reached XP level 3. HP: 25/28 MP: 3/3
   954 | D:2      | Found a sparkling altar of Nemelex Xobeh.
  1489 | D:3      | Found a white marble altar of Elyvilon.
  1569 | D:3      | Noticed imphell's ghost (amateur NaFi)
  2007 | D:3      | Noticed Crazy Yiuf
  2012 | D:3      | Killed Crazy Yiuf
  2012 | D:3      | Gained mutation: You are mostly covered in sharp spines. [demonic ancestry]
  2012 | D:3      | Reached XP level 4. HP: 6/34 MP: 4/4
  2832 | D:4      | Noticed Menkaure
  2837 | D:4      | Slain by an iguana

Skill      XL: |  1  2  3 |
---------------+----------+-----
Armour         | 1 |  1.9
Axes           | 3 |  3.2
Dodging        | 3 |  3.2
Fighting       | |  2.7
Throwing       | |  1.7

Action                   |  1- 3 |  4- 6 || total
-------------------------+-------+-------++-------
Melee: War axe           |    54 |    16 ||    70
  Use: Scroll            |     4 |       ||     4
  Eat: Chunk             |     3 |     2 ||     5
Armor: Leather armour    |    13 |     1 ||    14
Dodge: Dodged            |    42 |     7 ||    49
